Tampa Bay Lightning vs Vegas Golden Knights
Created - Wednesday, June 7, 2023 at 07:04
Goals
|
| Tampa Bay Lightning |
3 |
0 |
0 |
3 |
| Vegas Golden Knights |
0 |
0 |
4 |
4 |
|
Shots
|
| Tampa Bay Lightning |
15 |
13 |
8 |
36 |
| Vegas Golden Knights |
9 |
4 |
19 |
32 |
|
1st period
1. Tampa Bay Lightning , Tomas Hertl 29 (Johnny Gaudreau 37) at 2:34
2. Tampa Bay Lightning , Kirill Kaprizov 27 (Anze Kopitar 41, Alexander Romanov 4) at 12:32
3. Tampa Bay Lightning , Roope Hintz 24 (Dylan Cozens 18) at 12:38
Penalties :
Tom Wilson (VGK) for Fighting (Major) at 10:04, Gabriel Landeskog (TBL) for Fighting (Major) at 10:04, Casey DeSmith (VGK) for Slashing (Double Minor) at 16:34 - Marc-Edouard Vlasic served the penalty
2nd period
No Goal
Penalties :
Alexander Romanov (TBL) for Roughing (Minor) at 4:37, Gabriel Landeskog (TBL) for Holding (Minor) at 7:55, P.K. Subban (VGK) for Hooking (Minor) at 8:01, Andrew Peeke (VGK) for Hooking (Minor) at 13:51
3rd period
4. Vegas Golden Knights , P.K. Subban 6 (Zach Parise 18) at 9:33
5. Vegas Golden Knights , Jaden Schwartz 17 (Rickard Rakell 33, Tom Wilson 40) at 10:09
6. Vegas Golden Knights , Jordan Staal 13 (P.K. Subban 11, Artemi Panarin 55) at 12:36
7. Vegas Golden Knights , Andreas Johnsson 10 (Victor Olofsson 14, John Marino 22) at 17:27 (PP)
Penalties :
Alexander Romanov (TBL) for Interference (Minor) at 4:56, Gabriel Landeskog (TBL) for Hooking (Minor) at 15:32
Goalie Stats
Darcy Kuemper (TBL), 28 saves from 32 shots - (0.875), L, 20-15-4, 58:35 minutes
Casey DeSmith (VGK), 33 saves from 36 shots - (0.917), W, 17-17-5, 60:00 minutes
Players Stats for Tampa Bay Lightning
Player Name G A P +/- PIM S H SB GA TA FO MP PP MP PK MP
------------------------------------------------------------------------------------
Alexander Kerfoot 0 0 0 0 0 2 2 0 0 0 0/0 6:49 0:07 0:00
Alexander Romanov 0 1 1 1 4 0 2 1 0 1 0/0 12:35 0:00 1:19
Anze Kopitar 0 1 1 1 0 5 0 2 0 0 16/26 20:28 2:12 3:37
Christian Dvorak 0 0 0 0 0 3 1 1 1 0 0/0 14:44 0:25 1:36
Connor Brown 0 0 0 -1 0 0 1 1 1 1 0/1 14:52 0:10 1:36
Darnell Nurse 0 0 0 0 0 1 2 1 1 0 0/0 26:01 3:44 2:14
Dylan Cozens 0 1 1 1 0 3 3 0 1 1 1/1 15:20 1:12 0:00
Gabriel Landeskog 0 0 0 0 9 1 0 1 1 0 1/1 14:48 2:15 0:00
Hampus Lindholm 0 0 0 1 0 0 0 0 0 1 0/0 13:56 1:49 0:31
Ivan Barbashev 0 0 0 0 0 1 0 0 0 0 0/0 7:01 0:38 0:00
Johnny Gaudreau 0 1 1 -1 0 3 0 0 1 0 0/0 17:06 3:01 0:00
Kirill Kaprizov 1 0 1 1 0 5 1 1 4 0 1/1 19:10 2:55 0:46
Lars Eller 0 0 0 0 0 0 1 0 0 0 2/2 7:09 0:00 0:46
Moritz Seider 0 0 0 -1 0 2 0 1 0 0 0/0 23:47 3:38 1:55
Roope Hintz 1 0 1 0 0 4 3 0 0 1 8/15 13:29 2:16 0:00
Ryan Graves 0 0 0 -1 0 2 0 3 0 0 0/0 21:10 2:17 2:14
Tomas Hertl 1 0 1 -1 0 4 3 0 2 0 14/22 20:56 3:01 3:37
Vladislav Gavrikov 0 0 0 0 0 0 2 0 0 2 0/0 22:42 0:40 3:45
Players Stats for Vegas Golden Knights
Player Name G A P +/- PIM S H SB GA TA FO MP PP MP PK MP
------------------------------------------------------------------------------------
Andreas Johnsson 1 0 1 0 0 1 0 0 1 1 1/1 9:38 2:22 0:00
Andrew Peeke 0 0 0 -1 2 0 0 2 0 0 0/0 20:35 0:00 2:16
Anthony Cirelli 0 0 0 0 0 5 1 1 0 1 6/18 18:51 3:16 1:59
Artemi Panarin 0 1 1 0 0 3 0 1 2 0 1/2 21:08 3:30 0:21
Brian Dumoulin 0 0 0 0 0 2 0 0 0 0 0/0 17:10 0:00 1:56
Colin White 0 0 0 0 0 1 0 0 0 0 0/1 1:48 0:00 0:00
Jaden Schwartz 1 0 1 0 0 2 3 0 0 0 0/0 16:14 3:44 1:19
John Marino 0 1 1 0 0 1 2 2 0 3 0/0 21:00 2:15 2:41
Jonathan Drouin 0 0 0 0 0 3 0 0 1 0 0/0 11:19 0:00 0:00
Jordan Staal 1 0 1 0 0 2 2 1 1 1 15/34 20:32 0:00 3:05
Marc Staal 0 0 0 -1 0 0 2 3 0 2 0/0 21:58 0:00 3:44
Marc-Edouard Vlasic 0 0 0 1 0 0 1 1 0 1 0/0 15:01 0:00 0:31
P.K. Subban 1 1 2 1 2 2 0 2 0 2 0/0 19:30 3:43 0:36
Rickard Rakell 0 1 1 0 0 4 1 0 1 0 0/1 17:45 2:13 0:06
Tom Wilson 0 1 1 0 5 3 2 1 0 0 0/0 20:36 3:30 3:05
Victor Olofsson 0 1 1 0 0 1 0 0 0 1 0/1 9:38 2:22 0:00
Vladislav Namestnikov 0 0 0 0 0 2 0 0 1 0 2/10 14:04 2:13 0:54
Zach Parise 0 1 1 0 0 0 0 0 0 0 1/1 15:13 0:46 1:43
3 Stars
1 - P.K. Subban (VGK)
2 - Jaden Schwartz (VGK)
3 - Jordan Staal (VGK)
Power Play
Tampa Bay Lightning - 0 on 3 Attempt(s) - 0.00%
Vegas Golden Knights - 1 on 4 Attempt(s) - 25.00%
Penalty Kill
Tampa Bay Lightning - 3 on 4 Attempt(s) - 75.00%
- Score 0 goal in Penalty Kill
Vegas Golden Knights - 3 on 3 Attempt(s) - 100.00%
- Score 0 goal in Penalty Kill
Team Stat
Tampa Bay Lightning - Hits : 21 - Faceoff Wins : 43 - Blocked Shots : 12 - Penalty Minutes : 13
Vegas Golden Knights - Hits : 14 - Faceoff Wins : 26 - Blocked Shots : 14 - Penalty Minutes : 13
Official
Referees : Gord Dwyer and Francis Charron
Linesman : Unknown
Game Notes
Colin White is injured at 9:59 of 1st period (Strained Left Elbow)
Tom Wilson beats up Gabriel Landeskog at 10:04 of 1st period
Finance
Level 1 -- Attendance: 5568 (92.80%) -- Ticket Income $528,960
Level 2 -- Attendance: 4767 (95.34%) -- Ticket Income $262,185
Level 3 -- Attendance: 2995 (99.83%) -- Ticket Income $89,850
Level 4 -- Attendance: 5000 (100.00%) -- Ticket Income $100,000
Luxury Box -- Attendance: 961 (96.10%) -- Ticket Income $182,590
Game was played at the T-Mobile Arena.
Total Attendance: 19291 (96.46%)
Total Ticket Income: $1,163,585
Other Income: $407,255
Total Income: $1,570,840
Tampa Bay Lightning
5 vs 5 Forward
Center Left Wing Right Wing Time % Phy DF OF
1 Anze Kopitar Gabriel Landeskog Kirill Kaprizov 35 1 2 2
2 Tomas Hertl Johnny Gaudreau Connor Brown 32 1 2 2
3 Roope Hintz Christian Dvorak Dylan Cozens 28 1 2 2
4 Lars Eller Alexander Kerfoot Ivan Barbashev 5 1 2 2
5 vs 5 Defense
Defense Defense Time % Phy DF OF
1 Darnell Nurse Vladislav Gavrikov 40 1 2 2
2 Moritz Seider Ryan Graves 35 1 2 2
3 Hampus Lindholm Alexander Romanov 25 1 2 2
4 Darnell Nurse Vladislav Gavrikov 0 1 2 2
PowerPlay Forward
Center Left Wing Right Wing Time % Phy DF OF
1 Tomas Hertl Johnny Gaudreau Kirill Kaprizov 60 1 2 2
2 Anze Kopitar Roope Hintz Gabriel Landeskog 40 1 2 2
PowerPlay Defense
Defense Defense Time % Phy DF OF
1 Moritz Seider Darnell Nurse 60 1 2 2
2 Hampus Lindholm Ryan Graves 40 1 2 2
Penalty Kill 4 Players Forward
Center Wing Time % Phy DF OF
1 Anze Kopitar Tomas Hertl 60 1 2 2
2 Christian Dvorak Connor Brown 40 1 2 2
Penalty Kill 4 Players Defense
Defense Defense Time % Phy DF OF
1 Alexander Romanov Vladislav Gavrikov 60 1 2 2
2 Ryan Graves Darnell Nurse 40 1 2 2
Penalty Kill - 3 Players Forward
Forward Time % Phy DF OF
1 Tomas Hertl 60 1 2 2
2 Anze Kopitar 40 1 2 2
Penalty Kill - 3 Players Defense
Defense Defense Time % Phy DF OF
1 Alexander Romanov Vladislav Gavrikov 60 1 2 2
2 Ryan Graves Darnell Nurse 40 1 2 2
4 vs 4 Forward
Center Wing Time % Phy DF OF
1 Anze Kopitar Gabriel Landeskog 60 1 2 2
2 Tomas Hertl Connor Brown 40 1 2 2
4 vs 4 Defense
Defense Defense Time % Phy DF OF
1 Darnell Nurse Vladislav Gavrikov 60 1 2 2
2 Moritz Seider Ryan Graves 40 1 2 2
Last Minutes Offensive
Center Left Wing Right Wing Defense Defense
Anze Kopitar Gabriel Landeskog Kirill Kaprizov Darnell Nurse Moritz Seider
Last Minutes Defensive
Center Left Wing Right Wing Defense Defense
Anze Kopitar Tomas Hertl Connor Brown Darnell Nurse Vladislav Gavrikov
Goaltenders
Starting : Darcy Kuemper
Backup : Jeremy Swayman
Extra Forwards
Normal : Kirill Kaprizov, Gabriel Landeskog, Dylan Cozens - PP : Dylan Cozens, Ivan Barbashev - PK : Lars Eller
Extra Defensemen
Normal : Moritz Seider, Darnell Nurse, Hampus Lindholm - PP : Vladislav Gavrikov - PK : Moritz Seider, Hampus Lindholm
Penalty Shots
Christian Dvorak, Anze Kopitar, Kirill Kaprizov, Johnny Gaudreau, Alexander Kerfoot
Vegas Golden Knights
5 vs 5 Forward
Center Left Wing Right Wing Time % Phy DF OF
1 Jordan Staal Artemi Panarin Tom Wilson 40 1 2 2
2 Anthony Cirelli Jaden Schwartz Rickard Rakell 30 1 2 2
3 Vladislav Namestnikov Zach Parise Jonathan Drouin 20 1 2 2
4 Colin White Andreas Johnsson Victor Olofsson 10 1 2 2
5 vs 5 Defense
Defense Defense Time % Phy DF OF
1 Brian Dumoulin John Marino 35 1 2 2
2 Marc Staal Andrew Peeke 35 1 2 2
3 Marc-Edouard Vlasic P.K. Subban 30 1 2 2
4 Brian Dumoulin John Marino 0 1 2 2
PowerPlay Forward
Center Left Wing Right Wing Time % Phy DF OF
1 Colin White Artemi Panarin Tom Wilson 60 1 2 2
2 Vladislav Namestnikov Andreas Johnsson Rickard Rakell 40 1 2 2
PowerPlay Defense
Defense Defense Time % Phy DF OF
1 Jaden Schwartz P.K. Subban 60 1 2 2
2 Victor Olofsson John Marino 40 1 2 2
Penalty Kill 4 Players Forward
Center Wing Time % Phy DF OF
1 Jordan Staal Tom Wilson 60 1 2 2
2 Anthony Cirelli Zach Parise 40 1 2 2
Penalty Kill 4 Players Defense
Defense Defense Time % Phy DF OF
1 Marc Staal Andrew Peeke 60 1 2 2
2 Marc-Edouard Vlasic Brian Dumoulin 40 1 2 2
Penalty Kill - 3 Players Forward
Forward Time % Phy DF OF
1 Anthony Cirelli 60 1 2 2
2 Zach Parise 40 1 2 2
Penalty Kill - 3 Players Defense
Defense Defense Time % Phy DF OF
1 Marc Staal Andrew Peeke 60 1 2 2
2 Marc-Edouard Vlasic Brian Dumoulin 40 1 2 2
4 vs 4 Forward
Center Wing Time % Phy DF OF
1 Jordan Staal Artemi Panarin 60 1 2 2
2 Anthony Cirelli Tom Wilson 40 1 2 2
4 vs 4 Defense
Defense Defense Time % Phy DF OF
1 Marc Staal Andrew Peeke 60 1 2 2
2 Brian Dumoulin John Marino 40 1 2 2
Last Minutes Offensive
Center Left Wing Right Wing Defense Defense
Jordan Staal Artemi Panarin Tom Wilson Brian Dumoulin John Marino
Last Minutes Defensive
Center Left Wing Right Wing Defense Defense
Jordan Staal Zach Parise Tom Wilson Brian Dumoulin Andrew Peeke
Goaltenders
Starting : Casey DeSmith
Backup : Philipp Grubauer
Extra Forwards
Normal : Rickard Rakell, Artemi Panarin, Jordan Staal - PP : Anthony Cirelli, Zach Parise - PK : Vladislav Namestnikov
Extra Defensemen
Normal : Marc Staal, John Marino, Brian Dumoulin - PP : Marc Staal - PK : John Marino, P.K. Subban
Penalty Shots
Artemi Panarin, Rickard Rakell, Andreas Johnsson, Anthony Cirelli, Victor Olofsson
% Time on Ice - Tampa Bay Lightning
Lines # - Real PCT - Wanted PCT - Time Play
Normal Forward
1 - 32% - 35% - 14:25
2 - 29% - 32% - 13:06
3 - 25% - 28% - 11:13
4 - 14% - 5% - 6:23
Normal Defense
1 - 40% - 40% - 18:10
2 - 35% - 35% - 15:52
3 - 25% - 25% - 11:05
4 - 0% - 0% - 0:00
PP Forward
1 - 59% - 60% - 3:36
2 - 41% - 40% - 2:28
PP Defense
1 - 62% - 60% - 3:44
2 - 38% - 40% - 2:20
PK Forward
1 - 73% - 60% - 4:23
2 - 27% - 40% - 1:36
PK Defense
1 - 63% - 60% - 3:45
2 - 37% - 40% - 2:14
PK3 Forward
1 - 0% - 60%
2 - 0% - 40%
PK3 Defense
1 - 0% - 60%
2 - 0% - 40%
44 Forward
1 - 100% - 60% - 1:53
2 - 0% - 40% - 0:00
44 Defense
1 - 58% - 60% - 1:06
2 - 42% - 40% - 0:47
Last Minute Offensive - 0:57
Last Minute Defensive - 0:00
Total
Forward - 60:00
Defense - 60:00
|
% Time on Ice - Vegas Golden Knights
Lines # - Real PCT - Wanted PCT - Time Play
Normal Forward
1 - 34% - 40% - 15:22
2 - 25% - 30% - 11:04
3 - 25% - 20% - 11:19
4 - 16% - 10% - 7:13
Normal Defense
1 - 35% - 35% - 15:44
2 - 35% - 35% - 15:51
3 - 30% - 30% - 13:23
4 - 0% - 0% - 0:00
PP Forward
1 - 63% - 60% - 3:46
2 - 37% - 40% - 2:13
PP Defense
1 - 62% - 60% - 3:44
2 - 38% - 40% - 2:15
PK Forward
1 - 72% - 60% - 4:21
2 - 28% - 40% - 1:43
PK Defense
1 - 62% - 60% - 3:44
2 - 38% - 40% - 2:20
PK3 Forward
1 - 0% - 60%
2 - 0% - 40%
PK3 Defense
1 - 0% - 60%
2 - 0% - 40%
44 Forward
1 - 79% - 60% - 1:29
2 - 21% - 40% - 0:24
44 Defense
1 - 36% - 60% - 0:41
2 - 64% - 40% - 1:12
Last Minute Offensive - 0:00
Last Minute Defensive - 1:06
Total
Forward - 60:00
Defense - 60:00
|
Play-by-Play
1st period
0:01 of 1st period - Jordan Staal wins face-off versus Anze Kopitar in neutral zone.
0:03 of 1st period - Off-side.
0:04 of 1st period - Jordan Staal wins face-off versus Anze Kopitar in neutral zone.
0:12 of 1st period - Backhand shot by Artemi Panarin.
0:12 of 1st period - Shot Blocked by Anze Kopitar.
0:14 of 1st period - Snap shot by Jordan Staal.
0:14 of 1st period - Deflect By Tom Wilson.
0:14 of 1st period - Shot Misses the Net.
0:14 of 1st period - Puck is out of play.
0:15 of 1st period - Tomas Hertl wins face-off versus Anthony Cirelli in Tampa Bay Lightning zone.
0:15 of 1st period - Tomas Hertl is hit by Rickard Rakell.
0:25 of 1st period - Wrist shot by Johnny Gaudreau.
0:25 of 1st period - Stopped by Casey DeSmith with a rebound.
0:27 of 1st period - Snap shot by Connor Brown.
0:27 of 1st period - Shot Misses the Net.
1:30 of 1st period - Snap shot by Anze Kopitar.
1:30 of 1st period - Stopped by Casey DeSmith without a rebound.
1:31 of 1st period - Jordan Staal wins face-off versus Anze Kopitar in Vegas Golden Knights zone.
1:54 of 1st period - Snap shot by Kirill Kaprizov.
1:54 of 1st period - Stopped by Casey DeSmith with a rebound.
2:22 of 1st period - Snap shot by Johnny Gaudreau.
2:22 of 1st period - Shot Misses the Net.
2:24 of 1st period - Snap shot by Tomas Hertl.
2:24 of 1st period - Stopped by Casey DeSmith without a rebound.
2:25 of 1st period - Tomas Hertl wins face-off versus Jordan Staal in Vegas Golden Knights zone.
2:32 of 1st period - Wrist shot by Tomas Hertl.
2:32 of 1st period - Shot Misses the Net.
2:34 of 1st period - Snap shot by Tomas Hertl.
2:34 of 1st period - Goal by Tomas Hertl - Tampa Bay Lightning : 1 - Vegas Golden Knights : 0.
2:35 of 1st period - Jordan Staal wins face-off versus Roope Hintz in neutral zone.
2:46 of 1st period - Snap shot by Tom Wilson.
2:46 of 1st period - Stopped by Darcy Kuemper without a rebound.
2:47 of 1st period - Anthony Cirelli wins face-off versus Tomas Hertl in Tampa Bay Lightning zone.
3:14 of 1st period - Jordan Staal is hit by Darnell Nurse and loses puck.
3:19 of 1st period - Slapshot by Roope Hintz.
3:19 of 1st period - Deflect By Dylan Cozens.
3:19 of 1st period - Stopped by Casey DeSmith without a rebound.
3:20 of 1st period - Roope Hintz wins face-off versus Vladislav Namestnikov in Vegas Golden Knights zone.
3:29 of 1st period - P.K. Subban is hit by Christian Dvorak and loses puck.
3:48 of 1st period - Anze Kopitar is hit by Jordan Staal and loses puck.
3:57 of 1st period - Wrist shot by Artemi Panarin.
3:57 of 1st period - Deflect By Jordan Staal.
3:57 of 1st period - Shot Blocked by Anze Kopitar.
3:57 of 1st period - Puck is out of play.
3:58 of 1st period - Anthony Cirelli wins face-off versus Tomas Hertl in Tampa Bay Lightning zone.
4:01 of 1st period - Snap shot by Anthony Cirelli.
4:01 of 1st period - Shot Misses the Net.
4:09 of 1st period - Wrist shot by Anthony Cirelli.
4:09 of 1st period - Shot Misses the Net.
4:11 of 1st period - Slapshot by Andrew Peeke.
4:11 of 1st period - Deflect By Jaden Schwartz.
4:11 of 1st period - Shot Blocked by Connor Brown.
4:11 of 1st period - Puck is out of play.
4:12 of 1st period - Anze Kopitar wins face-off versus Colin White in Tampa Bay Lightning zone.
4:37 of 1st period - Andrew Peeke is hit by Alexander Romanov and loses puck.
4:59 of 1st period - Off-side.
5:00 of 1st period - Roope Hintz wins face-off versus Anthony Cirelli in neutral zone.
5:03 of 1st period - Moritz Seider is hit by Jaden Schwartz and loses puck.
5:15 of 1st period - Icing by Anthony Cirelli.
5:16 of 1st period - Anze Kopitar wins face-off versus Anthony Cirelli in Vegas Golden Knights zone.
5:25 of 1st period - Slapshot by Rickard Rakell.
5:25 of 1st period - Stopped by Darcy Kuemper with a rebound.
5:27 of 1st period - Wrist shot by Brian Dumoulin.
5:27 of 1st period - Stopped by Darcy Kuemper with a rebound.
5:29 of 1st period - Slapshot by John Marino.
5:29 of 1st period - Stopped by Darcy Kuemper without a rebound.
5:30 of 1st period - Tomas Hertl wins face-off versus Jordan Staal in Tampa Bay Lightning zone.
5:59 of 1st period - Wrist shot by Kirill Kaprizov.
5:59 of 1st period - Shot Misses the Net.
6:29 of 1st period - Wrist shot by Christian Dvorak.
6:29 of 1st period - Stopped by Casey DeSmith with a rebound.
6:31 of 1st period - Slapshot by Ryan Graves.
6:31 of 1st period - Shot Blocked by Marc-Edouard Vlasic.
6:50 of 1st period - Snap shot by Colin White.
6:50 of 1st period - Stopped by Darcy Kuemper with a rebound.
6:52 of 1st period - Slapshot by Brian Dumoulin.
6:52 of 1st period - Stopped by Darcy Kuemper without a rebound.
6:53 of 1st period - Anze Kopitar wins face-off versus Jordan Staal in Tampa Bay Lightning zone.
7:02 of 1st period - Slapshot by Kirill Kaprizov.
7:02 of 1st period - Shot Blocked by Tom Wilson.
7:20 of 1st period - Andrew Peeke is hit by Connor Brown and loses puck.
7:31 of 1st period - Snap shot by Tomas Hertl.
7:31 of 1st period - Stopped by Casey DeSmith with a rebound.
7:45 of 1st period - Snap shot by Jonathan Drouin.
7:45 of 1st period - Stopped by Darcy Kuemper with a rebound.
7:47 of 1st period - Wrist shot by Zach Parise.
7:47 of 1st period - Shot Misses the Net.
8:05 of 1st period - Connor Brown is hit by Jordan Staal and loses puck.
8:31 of 1st period - Marc-Edouard Vlasic is hit by Vladislav Gavrikov.
9:30 of 1st period - Brian Dumoulin is hit by Lars Eller and loses puck.
9:58 of 1st period - Colin White is hit by Vladislav Gavrikov and loses puck.
9:59 of 1st period - Colin White from Vegas Golden Knights is injured at 9:59 of 1st period (Strained Left Elbow).
10:00 of 1st period - Anze Kopitar wins face-off versus Jordan Staal in Vegas Golden Knights zone.
10:04 of 1st period - Tom Wilson beats up Gabriel Landeskog.
10:04 of 1st period - Penalty to Tom Wilson for Fighting.
10:04 of 1st period - Penalty to Gabriel Landeskog for Fighting.
10:05 of 1st period - Roope Hintz wins face-off versus Jordan Staal in neutral zone.
10:17 of 1st period - Wrist shot by Roope Hintz.
10:17 of 1st period - Stopped by Casey DeSmith without a rebound.
10:18 of 1st period - Anze Kopitar wins face-off versus Anthony Cirelli in Vegas Golden Knights zone.
12:32 of 1st period - Slapshot by Kirill Kaprizov.
12:32 of 1st period - Goal by Kirill Kaprizov - Tampa Bay Lightning : 2 - Vegas Golden Knights : 0.
12:33 of 1st period - Dylan Cozens wins face-off versus Anthony Cirelli in neutral zone.
12:38 of 1st period - Snap shot by Roope Hintz.
12:38 of 1st period - Goal by Roope Hintz - Tampa Bay Lightning : 3 - Vegas Golden Knights : 0.
12:39 of 1st period - Artemi Panarin wins face-off versus Roope Hintz in neutral zone.
12:51 of 1st period - Icing by Marc Staal.
12:52 of 1st period - Anze Kopitar wins face-off versus Artemi Panarin in Vegas Golden Knights zone.
13:01 of 1st period - Wrist shot by Kirill Kaprizov.
13:01 of 1st period - Shot Blocked by Artemi Panarin.
13:03 of 1st period - Slapshot by Ryan Graves.
13:03 of 1st period - Shot Misses the Net.
13:05 of 1st period - Wrist shot by Moritz Seider.
13:05 of 1st period - Shot Blocked by Andrew Peeke.
13:07 of 1st period - Snap shot by Anze Kopitar.
13:07 of 1st period - Stopped by Casey DeSmith with a rebound.
13:09 of 1st period - Slapshot by Anze Kopitar.
13:09 of 1st period - Stopped by Casey DeSmith with a rebound.
13:58 of 1st period - Snap shot by Artemi Panarin.
13:58 of 1st period - Shot Misses the Net.
14:00 of 1st period - Slapshot by Marc-Edouard Vlasic.
14:00 of 1st period - Deflect By Artemi Panarin.
14:00 of 1st period - Stopped by Darcy Kuemper with a rebound.
14:02 of 1st period - Snap shot by Marc-Edouard Vlasic.
14:02 of 1st period - Deflect By Anthony Cirelli.
14:02 of 1st period - Stopped by Darcy Kuemper with a rebound.
14:04 of 1st period - Wrist shot by Artemi Panarin.
14:04 of 1st period - Shot Blocked by Moritz Seider.
14:35 of 1st period - Icing by Marc-Edouard Vlasic.
14:36 of 1st period - Kirill Kaprizov wins face-off versus Anthony Cirelli in Vegas Golden Knights zone.
15:13 of 1st period - Johnny Gaudreau is hit by Marc Staal and loses puck.
15:42 of 1st period - Wrist shot by Gabriel Landeskog.
15:42 of 1st period - Stopped by Casey DeSmith with a rebound.
16:34 of 1st period - Snap shot by Dylan Cozens.
16:34 of 1st period - Stopped by Casey DeSmith without a rebound.
16:34 of 1st period - Double Minor Penalty to Casey DeSmith for Slashing.
16:35 of 1st period - Tomas Hertl wins face-off versus Jordan Staal in Vegas Golden Knights zone.
Goals for this period are 3 for Tampa Bay Lightning vs 0 for Vegas Golden Knights.
Shots for this period are 15 for Tampa Bay Lightning vs 9 for Vegas Golden Knights.
2nd period
0:01 of 2nd period - Tomas Hertl wins face-off versus Jordan Staal in neutral zone.
0:08 of 2nd period - Slapshot by Kirill Kaprizov.
0:08 of 2nd period - Deflect By Johnny Gaudreau.
0:08 of 2nd period - Shot Blocked by Andrew Peeke.
0:08 of 2nd period - Puck is out of play.
0:09 of 2nd period - Jordan Staal wins face-off versus Tomas Hertl in Vegas Golden Knights zone.
0:34 of 2nd period - Penalty to Marc-Edouard Vlasic is over, Marc-Edouard Vlasic is back on ice.
0:48 of 2nd period - Wrist shot by Kirill Kaprizov.
0:48 of 2nd period - Shot Blocked by Marc Staal.
1:04 of 2nd period - Wrist shot by Anthony Cirelli.
1:04 of 2nd period - Shot Misses the Net.
1:32 of 2nd period - Slapshot by Kirill Kaprizov.
1:32 of 2nd period - Deflect By Tomas Hertl.
1:32 of 2nd period - Shot Misses the Net.
1:32 of 2nd period - Puck is out of play.
1:33 of 2nd period - Roope Hintz wins face-off versus Jordan Staal in Vegas Golden Knights zone.
2:05 of 2nd period - Wrist shot by Alexander Kerfoot.
2:05 of 2nd period - Shot Blocked by P.K. Subban.
2:07 of 2nd period - Wrist shot by Alexander Kerfoot.
2:07 of 2nd period - Stopped by Casey DeSmith without a rebound.
2:08 of 2nd period - Jordan Staal wins face-off versus Roope Hintz in Vegas Golden Knights zone.
2:15 of 2nd period - Darnell Nurse is hit by John Marino and loses puck.
2:22 of 2nd period - Tom Wilson is hit by Roope Hintz and loses puck.
2:39 of 2nd period - John Marino is hit by Alexander Kerfoot and loses puck.
3:02 of 2nd period - Wrist shot by Ivan Barbashev.
3:02 of 2nd period - Stopped by Casey DeSmith with a rebound.
3:04 of 2nd period - Slapshot by Alexander Kerfoot.
3:04 of 2nd period - Stopped by Casey DeSmith without a rebound.
3:05 of 2nd period - Jordan Staal wins face-off versus Roope Hintz in Vegas Golden Knights zone.
3:05 of 2nd period - Jordan Staal is hit by Dylan Cozens.
3:31 of 2nd period - Tomas Hertl is hit by Jaden Schwartz and loses puck.
3:42 of 2nd period - Rickard Rakell is hit by Tomas Hertl and loses puck.
4:22 of 2nd period - Snap shot by Victor Olofsson.
4:22 of 2nd period - Shot Misses the Net.
4:37 of 2nd period - Minor Penalty to Alexander Romanov for Roughing.
4:38 of 2nd period - Anze Kopitar wins face-off versus Anthony Cirelli in Tampa Bay Lightning zone.
6:37 of 2nd period - Penalty to Alexander Romanov is over, Alexander Romanov is back on ice.
6:51 of 2nd period - Slapshot by Christian Dvorak.
6:51 of 2nd period - Stopped by Casey DeSmith without a rebound.
6:52 of 2nd period - Roope Hintz wins face-off versus Vladislav Namestnikov in Vegas Golden Knights zone.
6:57 of 2nd period - Snap shot by Christian Dvorak.
6:57 of 2nd period - Shot Misses the Net.
6:59 of 2nd period - Wrist shot by Christian Dvorak.
6:59 of 2nd period - Shot Misses the Net.
7:10 of 2nd period - Icing by Jonathan Drouin.
7:11 of 2nd period - Tomas Hertl wins face-off versus Vladislav Namestnikov in Vegas Golden Knights zone.
7:27 of 2nd period - Snap shot by Rickard Rakell.
7:27 of 2nd period - Shot Misses the Net.
7:29 of 2nd period - Snap shot by Rickard Rakell.
7:29 of 2nd period - Shot Misses the Net.
7:31 of 2nd period - Slapshot by Marc Staal.
7:31 of 2nd period - Deflect By Jonathan Drouin.
7:31 of 2nd period - Shot Misses the Net.
7:31 of 2nd period - Puck is out of play.
7:32 of 2nd period - Anze Kopitar wins face-off versus Jordan Staal in Tampa Bay Lightning zone.
7:55 of 2nd period - Minor Penalty to Gabriel Landeskog for Holding.
7:56 of 2nd period - Anze Kopitar wins face-off versus Anthony Cirelli in Tampa Bay Lightning zone.
8:01 of 2nd period - Minor Penalty to P.K. Subban for Hooking.
8:02 of 2nd period - Jordan Staal wins face-off versus Anze Kopitar in Vegas Golden Knights zone.
8:09 of 2nd period - Wrist shot by Jordan Staal.
8:09 of 2nd period - Deflect By Artemi Panarin.
8:09 of 2nd period - Shot Misses the Net.
8:09 of 2nd period - Puck is out of play.
8:10 of 2nd period - Anze Kopitar wins face-off versus Jordan Staal in Tampa Bay Lightning zone.
8:29 of 2nd period - Snap shot by Anze Kopitar.
8:29 of 2nd period - Shot Blocked by Jordan Staal.
9:55 of 2nd period - Penalty to Gabriel Landeskog is over, Gabriel Landeskog is back on ice.
10:00 of 2nd period - Snap shot by Jaden Schwartz.
10:00 of 2nd period - Shot Blocked by Gabriel Landeskog.
10:01 of 2nd period - Penalty to P.K. Subban is over, P.K. Subban is back on ice.
10:06 of 2nd period - Andrew Peeke is hit by Dylan Cozens.
10:10 of 2nd period - Snap shot by Rickard Rakell.
10:10 of 2nd period - Shot Misses the Net.
10:38 of 2nd period - P.K. Subban is hit by Dylan Cozens and loses puck.
10:45 of 2nd period - Wrist shot by Gabriel Landeskog.
10:45 of 2nd period - Deflect By Christian Dvorak.
10:45 of 2nd period - Shot Misses the Net.
10:45 of 2nd period - Puck is out of play.
10:46 of 2nd period - Tomas Hertl wins face-off versus Vladislav Namestnikov in Vegas Golden Knights zone.
11:00 of 2nd period - Marc-Edouard Vlasic is hit by Tomas Hertl and loses puck.
11:22 of 2nd period - Brian Dumoulin is hit by Alexander Romanov and loses puck.
11:55 of 2nd period - Snap shot by Jonathan Drouin.
11:55 of 2nd period - Stopped by Darcy Kuemper with a rebound.
12:05 of 2nd period - Rickard Rakell is hit by Alexander Kerfoot and loses puck.
12:33 of 2nd period - Alexander Romanov is hit by Tom Wilson and loses puck.
12:57 of 2nd period - Snap shot by Victor Olofsson.
12:57 of 2nd period - Stopped by Darcy Kuemper without a rebound.
12:58 of 2nd period - Lars Eller wins face-off versus Victor Olofsson in Tampa Bay Lightning zone.
12:58 of 2nd period - Lars Eller is hit by Anthony Cirelli.
13:22 of 2nd period - Slapshot by Tomas Hertl.
13:22 of 2nd period - Stopped by Casey DeSmith with a rebound.
13:46 of 2nd period - Snap shot by Gabriel Landeskog.
13:46 of 2nd period - Shot Blocked by Marc Staal.
13:51 of 2nd period - Minor Penalty to Andrew Peeke for Hooking.
13:52 of 2nd period - Tomas Hertl wins face-off versus Jordan Staal in Vegas Golden Knights zone.
13:52 of 2nd period - Snap shot by Kirill Kaprizov.
13:52 of 2nd period - Stopped by Casey DeSmith with a rebound.
13:54 of 2nd period - Snap shot by Kirill Kaprizov.
13:54 of 2nd period - Stopped by Casey DeSmith without a rebound.
13:55 of 2nd period - Tomas Hertl wins face-off versus Jordan Staal in Vegas Golden Knights zone.
14:07 of 2nd period - Snap shot by Kirill Kaprizov.
14:07 of 2nd period - Deflect By Johnny Gaudreau.
14:07 of 2nd period - Stopped by Casey DeSmith with a rebound.
14:23 of 2nd period - Snap shot by Anze Kopitar.
14:23 of 2nd period - Deflect By Zach Parise.
14:23 of 2nd period - Shot Misses the Net.
14:23 of 2nd period - Puck is out of play.
14:24 of 2nd period - Gabriel Landeskog wins face-off versus Anthony Cirelli in Vegas Golden Knights zone.
14:27 of 2nd period - Slapshot by Roope Hintz.
14:27 of 2nd period - Shot Blocked by John Marino.
14:37 of 2nd period - Snap shot by Anze Kopitar.
14:37 of 2nd period - Stopped by Casey DeSmith with a rebound.
14:39 of 2nd period - Wrist shot by Anze Kopitar.
14:39 of 2nd period - Shot Misses the Net.
14:41 of 2nd period - Slapshot by Ryan Graves.
14:41 of 2nd period - Stopped by Casey DeSmith with a rebound.
14:43 of 2nd period - Slapshot by Ryan Graves.
14:43 of 2nd period - Stopped by Casey DeSmith with a rebound.
14:45 of 2nd period - Slapshot by Ryan Graves.
14:45 of 2nd period - Shot Blocked by Anthony Cirelli.
14:47 of 2nd period - Wrist shot by Roope Hintz.
14:47 of 2nd period - Deflect By Anze Kopitar.
14:47 of 2nd period - Stopped by Casey DeSmith without a rebound.
14:48 of 2nd period - Jordan Staal wins face-off versus Tomas Hertl in Vegas Golden Knights zone.
15:14 of 2nd period - Darnell Nurse is hit by Tom Wilson and loses puck.
15:51 of 2nd period - Penalty to Andrew Peeke is over, Andrew Peeke is back on ice.
15:56 of 2nd period - Off-side.
15:57 of 2nd period - Lars Eller wins face-off versus Rickard Rakell in neutral zone.
17:06 of 2nd period - Snap shot by Jaden Schwartz.
17:06 of 2nd period - Stopped by Darcy Kuemper with a rebound.
17:08 of 2nd period - Snap shot by Rickard Rakell.
17:08 of 2nd period - Stopped by Darcy Kuemper with a rebound.
17:10 of 2nd period - Slapshot by P.K. Subban.
17:10 of 2nd period - Shot Blocked by Ryan Graves.
18:04 of 2nd period - Snap shot by Johnny Gaudreau.
18:04 of 2nd period - Stopped by Casey DeSmith with a rebound.
18:06 of 2nd period - Slapshot by Moritz Seider.
18:06 of 2nd period - Deflect By Johnny Gaudreau.
18:06 of 2nd period - Shot Blocked by John Marino.
18:06 of 2nd period - Puck is out of play.
18:07 of 2nd period - Roope Hintz wins face-off versus Jordan Staal in Vegas Golden Knights zone.
19:12 of 2nd period - Andrew Peeke is hit by Roope Hintz and loses puck.
19:36 of 2nd period - Brian Dumoulin is hit by Darnell Nurse.
Goals for this period are 0 for Tampa Bay Lightning vs 0 for Vegas Golden Knights.
Shots for this period are 13 for Tampa Bay Lightning vs 4 for Vegas Golden Knights.
3rd period
0:01 of 3rd period - Jordan Staal wins face-off versus Tomas Hertl in neutral zone.
0:49 of 3rd period - Snap shot by Vladislav Namestnikov.
0:49 of 3rd period - Stopped by Darcy Kuemper without a rebound.
0:50 of 3rd period - Anze Kopitar wins face-off versus Vladislav Namestnikov in Tampa Bay Lightning zone.
1:05 of 3rd period - Snap shot by Zach Parise.
1:05 of 3rd period - Shot Misses the Net.
1:07 of 3rd period - Wrist shot by Vladislav Namestnikov.
1:07 of 3rd period - Stopped by Darcy Kuemper without a rebound.
1:08 of 3rd period - Jordan Staal wins face-off versus Tomas Hertl in Tampa Bay Lightning zone.
1:09 of 3rd period - Wrist shot by Artemi Panarin.
1:09 of 3rd period - Stopped by Darcy Kuemper without a rebound.
1:10 of 3rd period - Tomas Hertl wins face-off versus Jordan Staal in Tampa Bay Lightning zone.
1:37 of 3rd period - Wrist shot by Roope Hintz.
1:37 of 3rd period - Shot Misses the Net.
1:39 of 3rd period - Snap shot by Christian Dvorak.
1:39 of 3rd period - Shot Misses the Net.
1:41 of 3rd period - Wrist shot by Dylan Cozens.
1:41 of 3rd period - Stopped by Casey DeSmith with a rebound.
1:43 of 3rd period - Snap shot by Christian Dvorak.
1:43 of 3rd period - Shot Blocked by Marc Staal.
1:45 of 3rd period - Snap shot by Roope Hintz.
1:45 of 3rd period - Shot Misses the Net.
1:47 of 3rd period - Wrist shot by Christian Dvorak.
1:47 of 3rd period - Shot Misses the Net.
2:03 of 3rd period - Icing by Jonathan Drouin.
2:04 of 3rd period - Tomas Hertl wins face-off versus Vladislav Namestnikov in Vegas Golden Knights zone.
2:33 of 3rd period - Snap shot by Zach Parise.
2:33 of 3rd period - Shot Misses the Net.
2:35 of 3rd period - Snap shot by Jordan Staal.
2:35 of 3rd period - Stopped by Darcy Kuemper without a rebound.
2:36 of 3rd period - Jordan Staal wins face-off versus Roope Hintz in Tampa Bay Lightning zone.
2:37 of 3rd period - Slapshot by Artemi Panarin.
2:37 of 3rd period - Shot Misses the Net.
2:57 of 3rd period - Snap shot by Tom Wilson.
2:57 of 3rd period - Stopped by Darcy Kuemper with a rebound.
3:04 of 3rd period - Icing by Kirill Kaprizov.
3:05 of 3rd period - Anze Kopitar wins face-off versus Anthony Cirelli in Tampa Bay Lightning zone.
3:05 of 3rd period - Anze Kopitar is hit by Marc-Edouard Vlasic.
3:11 of 3rd period - Gabriel Landeskog is hit by Jaden Schwartz and loses puck.
3:18 of 3rd period - Snap shot by Rickard Rakell.
3:18 of 3rd period - Shot Misses the Net.
3:20 of 3rd period - Snap shot by Anthony Cirelli.
3:20 of 3rd period - Stopped by Darcy Kuemper without a rebound.
3:21 of 3rd period - Jordan Staal wins face-off versus Tomas Hertl in Tampa Bay Lightning zone.
3:58 of 3rd period - Slapshot by Jaden Schwartz.
3:58 of 3rd period - Shot Blocked by Ryan Graves.
4:00 of 3rd period - Snap shot by Anthony Cirelli.
4:00 of 3rd period - Shot Blocked by Christian Dvorak.
4:02 of 3rd period - Snap shot by Anthony Cirelli.
4:02 of 3rd period - Stopped by Darcy Kuemper with a rebound.
4:14 of 3rd period - Wrist shot by Roope Hintz.
4:14 of 3rd period - Stopped by Casey DeSmith without a rebound.
4:15 of 3rd period - Vladislav Namestnikov wins face-off versus Anze Kopitar in Vegas Golden Knights zone.
4:33 of 3rd period - Wrist shot by Jonathan Drouin.
4:33 of 3rd period - Stopped by Darcy Kuemper without a rebound.
4:34 of 3rd period - Tomas Hertl wins face-off versus Jordan Staal in Tampa Bay Lightning zone.
4:48 of 3rd period - Wrist shot by Artemi Panarin.
4:48 of 3rd period - Shot Blocked by Alexander Romanov.
4:50 of 3rd period - Slapshot by Artemi Panarin.
4:50 of 3rd period - Shot Misses the Net.
4:56 of 3rd period - Minor Penalty to Alexander Romanov for Interference.
4:57 of 3rd period - Anze Kopitar wins face-off versus Anthony Cirelli in Tampa Bay Lightning zone.
5:34 of 3rd period - Snap shot by Rickard Rakell.
5:34 of 3rd period - Deflect By Christian Dvorak.
5:34 of 3rd period - Shot Misses the Net.
5:34 of 3rd period - Puck is out of play.
5:35 of 3rd period - Vladislav Namestnikov wins face-off versus Connor Brown in Tampa Bay Lightning zone.
6:56 of 3rd period - Penalty to Alexander Romanov is over, Alexander Romanov is back on ice.
8:24 of 3rd period - Icing by Roope Hintz.
8:25 of 3rd period - Andreas Johnsson wins face-off versus Roope Hintz in Tampa Bay Lightning zone.
9:15 of 3rd period - Wrist shot by Tomas Hertl.
9:15 of 3rd period - Shot Misses the Net.
9:33 of 3rd period - Wrist shot by P.K. Subban.
9:33 of 3rd period - Goal by P.K. Subban - Tampa Bay Lightning : 3 - Vegas Golden Knights : 1.
9:34 of 3rd period - Anze Kopitar wins face-off versus Jordan Staal in neutral zone.
10:09 of 3rd period - Snap shot by Jaden Schwartz.
10:09 of 3rd period - Goal by Jaden Schwartz - Tampa Bay Lightning : 3 - Vegas Golden Knights : 2.
10:10 of 3rd period - Jordan Staal wins face-off versus Anze Kopitar in neutral zone.
10:23 of 3rd period - Slapshot by Artemi Panarin.
10:23 of 3rd period - Shot Blocked by Kirill Kaprizov.
10:31 of 3rd period - Kirill Kaprizov is hit by Marc Staal.
11:01 of 3rd period - Snap shot by Artemi Panarin.
11:01 of 3rd period - Shot Misses the Net.
11:18 of 3rd period - Icing by Tomas Hertl.
11:19 of 3rd period - Tomas Hertl wins face-off versus Vladislav Namestnikov in Tampa Bay Lightning zone.
11:48 of 3rd period - Snap shot by Dylan Cozens.
11:48 of 3rd period - Shot Hit the Post.
11:54 of 3rd period - Wrist shot by Roope Hintz.
11:54 of 3rd period - Stopped by Casey DeSmith without a rebound.
11:55 of 3rd period - Jordan Staal wins face-off versus Tomas Hertl in Vegas Golden Knights zone.
12:02 of 3rd period - Wrist shot by Tom Wilson.
12:02 of 3rd period - Shot Blocked by Ryan Graves.
12:04 of 3rd period - Slapshot by Marc-Edouard Vlasic.
12:04 of 3rd period - Deflect By Artemi Panarin.
12:04 of 3rd period - Stopped by Darcy Kuemper without a rebound.
12:05 of 3rd period - Tomas Hertl wins face-off versus Jordan Staal in Tampa Bay Lightning zone.
12:12 of 3rd period - Slapshot by Moritz Seider.
12:12 of 3rd period - Stopped by Casey DeSmith with a rebound.
12:34 of 3rd period - Slapshot by P.K. Subban.
12:34 of 3rd period - Stopped by Darcy Kuemper with a rebound.
12:36 of 3rd period - Wrist shot by Jordan Staal.
12:36 of 3rd period - Deflect By Moritz Seider.
12:36 of 3rd period - Goal by Jordan Staal - Tampa Bay Lightning : 3 - Vegas Golden Knights : 3.
12:37 of 3rd period - Anthony Cirelli wins face-off versus Anze Kopitar in neutral zone.
12:44 of 3rd period - Snap shot by Rickard Rakell.
12:44 of 3rd period - Shot Blocked by Darnell Nurse.
13:03 of 3rd period - Jordan Staal is hit by Roope Hintz and loses puck.
14:06 of 3rd period - Snap shot by Jaden Schwartz.
14:06 of 3rd period - Deflect By Rickard Rakell.
14:06 of 3rd period - Stopped by Darcy Kuemper with a rebound.
14:08 of 3rd period - Slapshot by Anthony Cirelli.
14:08 of 3rd period - Stopped by Darcy Kuemper with a rebound.
14:10 of 3rd period - Wrist shot by Anthony Cirelli.
14:10 of 3rd period - Stopped by Darcy Kuemper with a rebound.
14:12 of 3rd period - Wrist shot by P.K. Subban.
14:12 of 3rd period - Deflect By Rickard Rakell.
14:12 of 3rd period - Stopped by Darcy Kuemper without a rebound.
14:13 of 3rd period - Anze Kopitar wins face-off versus Anthony Cirelli in Tampa Bay Lightning zone.
14:44 of 3rd period - Off-side.
14:45 of 3rd period - Roope Hintz wins face-off versus Jordan Staal in neutral zone.
14:48 of 3rd period - Wrist shot by Christian Dvorak.
14:48 of 3rd period - Stopped by Casey DeSmith without a rebound.
14:49 of 3rd period - Roope Hintz wins face-off versus Jordan Staal in Vegas Golden Knights zone.
14:50 of 3rd period - Snap shot by Christian Dvorak.
14:50 of 3rd period - Shot Hit the Post.
15:06 of 3rd period - Slapshot by Artemi Panarin.
15:06 of 3rd period - Shot Misses the Net.
15:32 of 3rd period - Minor Penalty to Gabriel Landeskog for Hooking.
15:33 of 3rd period - Anthony Cirelli wins face-off versus Anze Kopitar in Tampa Bay Lightning zone.
15:40 of 3rd period - Slapshot by Tom Wilson.
15:40 of 3rd period - Stopped by Darcy Kuemper without a rebound.
15:41 of 3rd period - Anthony Cirelli wins face-off versus Anze Kopitar in Tampa Bay Lightning zone.
16:52 of 3rd period - Off-side.
16:53 of 3rd period - Anze Kopitar wins face-off versus Vladislav Namestnikov in neutral zone.
17:10 of 3rd period - Anze Kopitar is hit by John Marino and loses puck.
17:27 of 3rd period - Wrist shot by Andreas Johnsson.
17:27 of 3rd period - Goal by Andreas Johnsson - Tampa Bay Lightning : 3 - Vegas Golden Knights : 4.
17:28 of 3rd period - Anthony Cirelli wins face-off versus Roope Hintz in neutral zone.
18:18 of 3rd period - Marc Staal is hit by Tomas Hertl and loses puck.
18:35 of 3rd period - Tampa Bay Lightning, Darcy Kuemper is pulled from the net.
18:35 of 3rd period - Slapshot by Hampus Lindholm.
18:35 of 3rd period - Shot Misses the Net.
19:37 of 3rd period - Wrist shot by Kirill Kaprizov.
19:37 of 3rd period - Stopped by Casey DeSmith with a rebound.
19:47 of 3rd period - Wrist shot by Anze Kopitar.
19:47 of 3rd period - Shot Misses the Net.
19:49 of 3rd period - Snap shot by Moritz Seider.
19:49 of 3rd period - Stopped by Casey DeSmith with a rebound.
19:51 of 3rd period - Wrist shot by Moritz Seider.
19:51 of 3rd period - Shot Blocked by P.K. Subban.
19:53 of 3rd period - Snap shot by Darnell Nurse.
19:53 of 3rd period - Stopped by Casey DeSmith without a rebound.
19:54 of 3rd period - Gerard Gallant call a timeout for Tampa Bay Lightning.
19:54 of 3rd period - Zach Parise wins face-off versus Anze Kopitar in Vegas Golden Knights zone.
19:54 of 3rd period - Zach Parise is hit by Kirill Kaprizov.
Goals for this period are 0 for Tampa Bay Lightning vs 4 for Vegas Golden Knights.
Shots for this period are 8 for Tampa Bay Lightning vs 19 for Vegas Golden Knights.
Back to the Top